AoeStats
← BENNNET

Arabia

508985131Analyzed
1v1 RM · 6d ago on Sep 25, 2026· 24m 44s· 2 players
Game mode
Random Map
Map size
Tiny (2 player)
Population
200
Speed
Normal
Resources
Standard
Victory
Conquest
Starting age
Dark Age
Ending age
Imperial Age
RankedLock teamsTeams togetherTeam positionsShared explorationLock speedFull tech treeHidden civsTurbo modeCheats
Victory
Defeat
🇨🇴 Vietnamese · Colombia
1236
+14
🇪🇨 Khmer · Ecuador
1187
-14
BENNNET
6:40 Loom
9:47 Feudal Age
22:23 Castle Age
21:28 Stone Mining
21:31 Gold Mining
22:04 Double-Bit Axe
A6D2_4EVER
0:40 Loom
9:34 Feudal Age
10:09 Double-Bit Axe
21:47 Castle Age
20:17 Gold Mining
21:03 Fletching
22:02 Crossbowman
23:32 Bow Saw
Connection lost

Rejoining the realm…

Still unreachable

The connection could not be restored.

Session expired

The server has moved on; the page needs a fresh start.